AoeStats
← Michi3052

Arena

508460428Analyzed
1v1 RM · 10d ago on Sep 22, 2026· 58m 44s· 2 players
Game mode
Random Map
Map size
Tiny (2 player)
Population
200
Speed
Normal
Resources
Standard
Victory
Conquest
Starting age
Dark Age
Ending age
Imperial Age
RankedLock teamsTeams togetherTeam positionsShared explorationLock speedFull tech treeHidden civsTurbo modeCheats
Victory
Defeat
🇪🇸 Turks · Spain
704
+15
🇪🇸 Franks · Spain
672
-15
SaintJimmy_21
9:45 Feudal Age
10:39 Double-Bit Axe
15:19 Loom
17:39 Castle Age
15:39 Gold Mining
16:42 Loom
17:34 Wheelbarrow
20:06 Bow Saw
20:37 Gold Shaft Mining
19:58 Stone Mining
21:27 Light Cavalry
22:08 Husbandry
34:31 Imperial Age
32:43 Scale Barding Armor
36:36 Hand Cart
36:18 Cavalier
43:12 Fortified Wall
43:27 Ballistics
44:07 Chemistry
42:40 Paladin
45:34 Conscription
48:19 Chivalry
49:40 Chain Barding Armor
49:32 Forging
50:27 Gold Shaft Mining
51:42 Plate Barding Armor
54:29 Elite Skirmisher
55:48 Iron Casting
55:03 Fletching
55:14 Padded Archer Armor
58:12 Blast Furnace
57:07 Bodkin Arrow
Michi3052
12:10 Feudal Age
15:21 Double-Bit Axe
20:13 Castle Age
17:56 Horse Collar
20:19 Gold Mining
27:21 Imperial Age
28:30 Fletching
31:23 Padded Archer Armor
34:07 Gold Shaft Mining
33:37 Bodkin Arrow
34:39 Wheelbarrow
33:50 Loom
37:47 Hand Cart
37:44 Town Watch
43:16 Bracer
44:05 Town Patrol
44:32 Ballistics
44:24 Masonry
44:10 Murder Holes
44:30 Forging
45:43 Bow Saw
45:49 Stone Mining
46:02 Heavy Plow
49:07 Leather Archer Armor
49:28 Iron Casting
50:43 Artillery
52:28 Thumb Ring
53:52 Conscription
55:20 Two-Man Saw
54:51 Scale Mail Armor
55:23 Architecture
Connection lost

Rejoining the realm…

Still unreachable

The connection could not be restored.

Session expired

The server has moved on; the page needs a fresh start.